 Dungeon Crawl Stone Soup version 0.20.1-1-g8b1a95d (webtiles) character file.

15691 letownia2 the Reanimator (level 12, -8/99 HPs)
             Began as a Deep Dwarf Necromancer on Dec 9, 2017.
             Was an Initiate of Gozag.
             Killed from afar by a gargoyle (11 damage)
             ... with a stone arrow
             ... in a volcano.
             The game lasted 00:59:54 (13149 turns).

letownia2 the Reanimator (Deep Dwarf Necromancer)  Turns: 13149, Time: 00:59:55

Health: -8/99      AC: 14    Str: 15    XL:     12   Next: 3%
Magic:  24/24      EV: 10    Int: 18    God:    Gozag
Gold:   1195       SH:  0    Dex: 13    Spells: 19/28 levels left

rFire    + + .     SeeInvis .   a - +1 war axe "Gehaum" {flame, rC++}
rCold    + + +     Gourm    .   (no shield)
rNeg     . . .     Faith    .   U - +0 ice dragon scales
rPois    .         Spirit   .   E - +0 helmet
rElec    .         Reflect  .   (no cloak)
rCorr    .         Harm     .   j - +1 pair of gloves
MR       +....                  (no boots)
Stlth    ..........             (no amulet)
Regen    0.0/turn               S - ring "Upadizy" {rF++ AC-2}
MPRegen  0.2/turn               p - ring of fire

@: non-regenerating
A: damage resistance, heal wounds, sense surroundings 2, no regeneration
a: Heal Wounds, Potion Petition, Call Merchant, Bribe Branch, Renounce Religion


You were in a volcano.
You worshipped Gozag.
Gozag was most pleased with you.
You were full.

You visited 4 branches of the dungeon, and saw 15 of its levels.
You also visited: Volcano.

You collected 2915 gold pieces.
You spent 35 gold pieces at shops.
You paid 1685 gold pieces to Gozag.

Inventory:

Hand Weapons
 a - the +1 war axe "Gehaum" (weapon) {flame, rC++}
   (You found it on level 6 of the Dungeon)

   It has been specially enchanted to burn those struck by it, causing extra
   injury to most foes and up to half again as much damage against particularly
   susceptible opponents.
   Big, fiery blades are also staple armaments of hydra-hunters.
   It greatly protects you from cold.
 b - a +2 whip of venom
 c - a +4 blowgun
 u - a +0 broad axe
 P - a +2 long sword of pain
 Y - a +0 long sword of electrocution
Missiles
 l - 11 tomahawks (quivered)
 H - 101 poisoned needles
Armour
 j - a +1 pair of gloves (worn)
 r - a +0 buckler
 E - a +0 helmet (worn)
 L - a +2 chain mail of magic resistance
 U - +0 ice dragon scales (worn)
Magical Staves
 D - an uncursed staff of wizardry
Jewellery
 m - an uncursed ring of see invisible
 p - a ring of fire (right hand)
 A - a +2 ring of evasion
 M - an uncursed ring of protection from cold
 O - an uncursed ring of flight
 S - the ring "Upadizy" (left hand) {rF++ AC-2}
   (You found it on level 9 of the Dungeon)

   [ring of protection]

   It affects your AC (-2).
   It greatly protects you from fire.
Wands
 x - a wand of flame (16/48)
 I - a wand of flame (13/48)
Scrolls
 d - 2 scrolls of amnesia
 f - 8 scrolls of teleportation
 g - 4 scrolls of remove curse
 i - 9 scrolls of identify
 o - a scroll of fog {unknown}
 q - a scroll of recharging
 v - a scroll of immolation {unknown}
 w - 5 scrolls of enchant weapon
 C - 2 scrolls of vulnerability {unknown}
 F - a scroll of fear {unknown}
 Q - 2 scrolls of summoning
 T - a scroll of holy word {unknown}
Potions
 e - 4 potions of agility
 h - a potion of might
 k - 3 potions of curing
 n - a potion of invisibility
 t - a potion of mutation
 B - a potion of brilliance
 K - a potion of flight
Books
 y - a book of Power

   Spells                             Type                      Level
   a - Iskenderun's Battlesphere      Conjuration/Charms           5
   b - Venom Bolt                     Conjuration/Poison           5
   c - Bolt of Magma                  Conjuration/Fire/Earth       5
   d - Iron Shot                      Conjuration/Earth            6
   e - Orb of Destruction             Conjuration                  7
   f - Spellforged Servitor           Conjuration/Summoning        7
Miscellaneous
 G - a fan of gales (inert)
Comestibles
 W - 4 bread rations


   Skills:
 - Level 4.0 Fighting
 + Level 8.3 Axes
 - Level 9.3 Armour
 - Level 2.1 Dodging
 - Level 2.4 Stealth
 - Level 8.5 Spellcasting
 + Level 12.5 Necromancy
 - Level 6.0 Evocations


You had 19 spell levels left.
You knew the following spells:

 Your Spells              Type           Power        Failure   Level  Hunger
a - Pain                  Necr           ####         1%          1    None
s - Swiftness             Chrm/Air       #.......     50%         2    None
v - Vampiric Draining     Necr           ######....   1%          3    None
x - Dazzling Spray        Conj/Hex       #.....       73%         3    None


Dungeon Overview and Level Annotations

Branches:
Dungeon (12/15)            Temple (1/1) D:5            Lair (1/6) D:11
    Orc (1/2) D:11

Altars:
Ashenzari
Cheibriados
Dithmenos
Elyvilon
Fedhas
Gozag
Hepliaklqana
Kikubaaqudgha
Makhleb
Nemelex Xobeh
Okawaru
Qazlal
Ru
Sif Muna
Trog
Uskayaw
Vehumet
Xom
Yredelemnul
Zin
The Shining One

Shops:
D:6 [?*   D:9 *   Lair:1 [

Annotations:
D:3 PhyxPenguin's ghost, amateur TrFi
D:4 PauBabau's ghost, amateur BaFi
D:5 DIG


Innate Abilities, Weirdness & Mutations

You are resistant to damage.
You can heal yourself by infusing magical energy.
You passively map the area around you.
You do not regenerate.


Message History

Okay, then.
Put on which piece of jewellery? (? for menu, Esc to quit)
Okay, then.
Your resistance to elements expires.
Unknown command.
There is an open door here.
You feel a little less agile now.
You open the door.
The skeletal warrior hits you from afar with a halberd of flaming!
* * * LOW HITPOINT WARNING * * *
The skeletal warrior burns you.
There is an open door here.
Your magical contamination has completely faded away.
A gargoyle comes into view. It is wielding a morningstar.
Found 18 gold pieces.
The gargoyle hits you but does no damage.
The gargoyle hurls a stone arrow at you.
The stone arrow hits you!
You die...
Your body crumbles into a pile of gold.

### * ##'#####'##
#..⌠..#.# #....$#####
#z...$'.... ##,
'..∩$.'.../ ##§# ##
###.....$....
#§≈≈#.*##.z.....#####
#§≈≈.###z##..⌠..#
§§≈@.9.#########
#§$§#..# ###§#### ##


You could see a skeletal warrior and a gargoyle.

Vanquished Creatures
  2 two-headed ogres (D:10)
  A skeletal warrior (Volcano)
  An ugly thing (D:11)
  A cyclops (D:12)
  A manticore (D:10)
  A black mamba (Lair:1)
  Psyche (D:8)
  Maurice (D:10)
  3 gargoyles
  A rime drake (Lair:1)
  A komodo dragon (D:11)
  4 trolls
  A hornet (D:10)
  2 hippogriffs
  3 flying skulls (Volcano)
  An alligator skeleton (Volcano)
  A wyvern (D:9)
  7 yaks
  3 hungry ghosts
  A basilisk (Lair:1)
  A hog (D:6)
  A steam dragon (D:9)
  Menkaure (D:6)
  2 insubstantial wisps
  2 porcupines (Lair:1)
  4 sky beasts
  3 ice beasts
  3 black bears
  2 phantoms
  3 orc warriors
  6 ogres
  A necrophage (D:7)
  4 centaurs
  A big kobold (D:10)
  4 bullfrogs
  A wyvern zombie (D:7)
  5 scorpions
  A troll zombie (D:11)
  A wyvern skeleton (D:10)
  8 killer bees
  3 wights (D:12)
  3 howler monkeys
  4 crimson imps
  A bullfrog zombie (D:6)
  4 centaur zombies
  2 quasits
  An orc priest (D:11)
  8 hounds
  A jelly (D:10)
  3 bullfrog skeletons
  5 centaur skeletons
  2 iguanas
  4 orc wizards
  11 worker ants
  6 ogre zombies (D:11)
  3 hound zombies
  A hound skeleton (D:5)
  Robin (D:4)
  A worker ant zombie (D:9)
  8 gnolls
  16 adders
  A shadow imp (D:11)
  An adder zombie (D:6)
  An adder skeleton (D:4)
  2 worms (D:3)
  2 dart slugs
  6 leopard geckos
  31 orcs
  4 giant cockroaches
  20 goblins
  13 hobgoblins
  A jackal (D:3)
  11 quokkas
  2 ball pythons
  7 bats
  5 frilled lizards
  A goblin zombie (D:11)
  3 hobgoblin skeletons (D:11)
  4 hobgoblin zombies (D:11)
  10 kobolds
  A leopard gecko skeleton (D:8)
  2 orc skeletons (D:11)
  14 orc zombies (D:11)
  A quokka zombie (D:7)
  10 rats
  A plant (D:4)
333 creatures vanquished.

Vanquished Creatures (others)
  2 spriggan skeletons (Volcano)
  A shadow imp (D:10)
  A plant (D:11)
4 creatures vanquished.

Grand Total: 337 creatures vanquished

Notes
Turn   | Place    | Note
-------+----------+-------------------------------------------
     0 | D:1      | letownia2 the Deep Dwarf Necromancer began the quest for the Orb.
     0 | D:1      | Reached XP level 1. HP: 15/15 MP: 3/3
   277 | D:1      | Reached XP level 2. HP: 22/22 MP: 0/5
   362 | D:1      | Found a glowing golden altar of the Shining One.
   629 | D:3      | Reached skill level 5 in Necromancy
   629 | D:3      | Reached XP level 3. HP: 22/28 MP: 1/6
   779 | D:3      | Learned a level 3 spell: Vampiric Draining
   830 | D:3      | Found a faded altar of an unknown god.
   913 | D:4      | Noticed PauBabau's ghost (amateur BaFi)
   923 | D:4      | Reached XP level 4. HP: 24/36 MP: 0/8
  1311 | D:3      | Found a glowing golden altar of the Shining One.
  1322 | D:3      | Noticed PhyxPenguin's ghost (amateur TrFi)
  1405 | D:4      | Reached XP level 5. HP: 30/42 MP: 4/10
  1587 | D:4      | Reached skill level 6 in Necromancy
  1603 | D:4      | Learned a level 2 spell: Swiftness
  2365 | D:4      | Noticed Robin
  2389 | D:5      | Entered Level 5 of the Dungeon
  2488 | D:5      | Found a staircase to the Ecumenical Temple.
  2497 | Temple   | Entered the Ecumenical Temple
  2504 | Temple   | Became a worshipper of Gozag Ym Sagoz the Greedy
  2596 | D:5      | Reached skill level 7 in Necromancy
  2596 | D:5      | Reached XP level 6. HP: 39/49 MP: 5/11
  2825 | D:5      | Reached skill level 8 in Necromancy
  2974 | D:5      | Found a radiant altar of Vehumet.
  3017 | D:5      | Reached XP level 7. HP: 40/55 MP: 12/12
  3045 | D:5      | Reached skill level 1 in Fighting
  3129 | D:4      | Killed Robin
  5250 | D:5      | Reached skill level 5 in Spellcasting
  5261 | D:5      | Reached XP level 8. HP: 61/68 MP: 2/16
  5802 | D:6      | Noticed Menkaure
  5809 | D:6      | Killed Menkaure
  5833 | D:6      | Reached skill level 1 in Evocations
  6100 | D:6      | Got a jewelled war axe
  6101 | D:6      | Identified the cursed +1 war axe "Gehaum" {flame, rC++} (You found it on level 6 of the Dungeon)
  6125 | D:6      | Found a burning altar of Makhleb.
  6125 | D:6      | Noticed a blizzard demon
  6176 | D:6      | Reached skill level 1 in Axes
  6265 | D:6      | Found Leirph's Magic Scroll Emporium.
  6294 | D:6      | Found an iron altar of Okawaru.
  6297 | D:6      | Found Covun's General Store.
  6554 | D:6      | Bought a scroll of noise for 11 gold pieces
  6607 | D:6      | Found Nioploho's Armour Boutique.
  6673 | D:7      | Gained mutation: You passively map the area around you. [Deep Dwarf growth]
  6673 | D:7      | Reached XP level 9. HP: 64/74 MP: 13/20
  6814 | D:7      | Found a sparkling altar of Nemelex Xobeh.
  7377 | D:8      | Reached skill level 1 in Armour
  7747 | D:8      | Noticed Psyche
  7820 | D:8      | Killed Psyche
  7820 | D:8      | Reached skill level 5 in Evocations
  7923 | D:8      | Found a hazy altar of Hepliaklqana.
  8147 | D:9      | Reached skill level 5 in Armour
  8160 | D:9      | Reached XP level 10. HP: 67/80 MP: 22/22
  8238 | D:9      | Learned a level 3 spell: Dazzling Spray
  8348 | D:9      | Got a scintillating steel ring
  8352 | D:9      | Identified the cursed ring "Upadizy" {rF++ AC-2} (You found it on level 9 of the Dungeon)
  8591 | D:9      | Got a steaming robe
  8712 | D:9      | Found a hide-covered altar of Uskayaw.
  8715 | D:9      | Found a blossoming altar of Fedhas.
  8718 | D:9      | Found a deep blue altar of Sif Muna.
  9105 | D:10     | Entered Level 10 of the Dungeon
  9105 | D:10     | Noticed a two-headed ogre
  9105 | D:10     | Noticed a two-headed ogre
  9107 | D:10     | Killed a two-headed ogre
  9108 | D:10     | Reached skill level 9 in Necromancy
  9247 | D:10     | Noticed a gargoyle
  9396 | D:10     | Killed a two-headed ogre
  9554 | D:11     | Identified the cursed +0 robe of Ogotoist {rElec rF- rC+ Dex+5} (You found it on level 9 of the Dungeon)
  9739 | D:10     | Killed a gargoyle
  9749 | D:10     | Reached skill level 10 in Necromancy
  9793 | D:10     | Noticed Maurice
  9802 | D:10     | Killed Maurice
  9802 | D:10     | Reached XP level 11. HP: 56/91 MP: 10/23
  9879 | D:10     | Found a burning altar of Makhleb.
 10844 | D:11     | Found a staircase to the Orcish Mines.
 10870 | D:11     | Reached skill level 5 in Axes
 10870 | D:11     | Reached skill level 11 in Necromancy
 10901 | D:11     | Found a staircase to the Lair.
 11336 | D:11     | Noticed a purple ugly thing
 11383 | D:11     | Killed a purple ugly thing
 11697 | D:9      | Bought a scroll labeled AGIGYJ NILL for 24 gold pieces
 11798 | Orc:1    | Entered Level 1 of the Orcish Mines
 12474 | Lair:1   | Entered Level 1 of the Lair of Beasts
 12570 | Lair:1   | Reached skill level 12 in Necromancy
 12713 | Lair:1   | Found a dark tunnel.
 12936 | Volcano  | Entered a volcano
 13091 | Volcano  | Noticed a skeletal warrior
 13113 | Volcano  | Killed a skeletal warrior
 13113 | Volcano  | Reached XP level 12. HP: 11/99 MP: 24/24
 13142 | Volcano  | HP: 3/99 [skeletal warrior/halberd of flaming (8)]
 13149 | Volcano  | Killed from afar by a gargoyle

Skill      XL: |  1  2  3  4  5  6  7  8  9 10 11 |
---------------+----------------------------------+-----
Spellcasting   | 2 3 5 7 8 |  8.5
Necromancy     | 5 7 8 10 12 | 12.5
Fighting       | 2 4 |  4.0
Evocations     | 2 6 |  6.0
Axes           | 3 4 8 |  8.3
Armour         | 5 8 9 |  9.3
Dodging        | |  2.1
Stealth        | |  2.4

Action                   |  1- 3 |  4- 6 |  7- 9 | 10-12 || total
-------------------------+-------+-------+-------+-------++-------
Melee: Dagger            |     4 |   198 |       |       ||   202
       Whip              |       |       |   121 |       ||   121
       War axe           |       |       |   213 |   486 ||   699
Throw: Tomahawk          |     1 |     1 |       |       ||     2
 Cast: Pain              |    35 |    61 |   112 |     7 ||   215
       Vampiric Draining |     2 |    17 |    66 |   152 ||   237
Invok: Call Merchant     |       |       |     1 |     1 ||     2
       Potion Petition   |       |       |       |     1 ||     1
Evoke: Wand              |       |       |    22 |    21 ||    43
       Fan of gales      |       |       |       |     1 ||     1
  Use: Scroll            |       |     3 |     5 |    11 ||    19
       Potion            |       |       |       |     5 ||     5
 Stab: Sleeping          |       |     2 |     2 |       ||     4
       Distracted        |       |     1 |     2 |     1 ||     4
       Invisible         |       |       |       |     8 ||     8
  Eat: Chunk             |     1 |     7 |       |       ||     8
       Meat ration       |       |     1 |       |     3 ||     4
       Royal jelly       |       |       |     4 |       ||     4
       Fruit             |       |       |     8 |     3 ||    11
       Bread ration      |       |       |       |     1 ||     1
Armor: Robe              |     3 |     1 |       |       ||     4
       Ring mail         |       |    48 |   125 |       ||   173
       Leather armour    |       |     9 |       |       ||     9
       Chain mail        |       |       |    97 |   123 ||   220
       Ice dragon scales |       |       |       |   263 ||   263
Dodge: Dodged            |    15 |    92 |   282 |   391 ||   780
Block: Buckler           |       |    18 |    21 |       ||    39
